 Dungeon Crawl Stone Soup version 0.29.0-15-g675c0067aa (webtiles) character file.

Game seed: 16440076808057618851

378 MisterFreud the Ducker (level 6, 0/41 HPs)
             Began as a Merfolk Ice Elementalist on Sept 11, 2022.
             Was an Initiate of Vehumet.
             Slain by a white imp (3 damage)
             ... on level 4 of the Dungeon.
             The game lasted 00:05:50 (4519 turns).

MisterFreud the Ducker (Merfolk Ice Elementalist)   Turns: 4519, Time: 00:05:51

Health: 0/41       AC:  2    Str:  8    XL:     6   Next: 74%
Magic:  7/9        EV: 15    Int: 22    God:    Vehumet [......]
Gold:   242        SH:  0    Dex: 15    Spells: 2/9 levels left

rFire   . . .      SeeInvis .   e - +0 dagger (holy)
rCold   . . .      Faith    .   (no shield)
rNeg    . . .      Spirit   .   a - +0 robe
rPois   .          Reflect  .   (no helmet)
rElec   .          Harm     .   (no cloak)
rCorr   .          Rampage  .   (no gloves)
Will    .....                   (no boots)
Stlth   ++........              (no amulet)
HPRegen 0.13/turn               n - +6 ring of intelligence
MPRegen 0.11/turn               (no ring)

@: brilliant, attractive
A: (nimble swimmer 2), mertail
a: Renounce Religion


You were on level 4 of the Dungeon.
You worshipped Vehumet.
Vehumet was noncommittal.
You visited 2 branches of the dungeon, and saw 5 of its levels.

You collected 242 gold pieces.

Inventory:

Hand Weapons
 e - a +0 dagger of holy wrath (weapon)
 q - a +0 trident
Armour
 a - a +0 robe (worn)
Jewellery
 n - a +6 ring of intelligence (left hand)
Wands
 p - a wand of polymorph (4)
 s - a wand of mindburst (9)
Scrolls
 f - a scroll of identify {unknown}
 h - a scroll of fear {unknown}
 i - 2 scrolls of fog {unknown}
 k - 2 scrolls of enchant weapon {unknown}
 r - a scroll of immolation {unknown}
 t - a scroll of magic mapping {unknown}
 u - a scroll of teleportation {unknown}
Potions
 b - a potion of magic
 c - a potion of brilliance
 d - a potion of heal wounds {unknown}
 g - a potion of might {unknown}
 j - a potion of attraction
 l - a potion of lignification {unknown}
 m - a potion of berserk rage {unknown}
 o - a potion of resistance {unknown}


   Skills:
 * Level 4.4 Polearms
 + Level 6.1 Dodging
 - Level 2.1 Stealth
 - Level 2.0 Spellcasting
 - Level 6.0 Ice Magic


You had 2 spell levels left.
You knew the following spells:

 Your Spells              Type           Power      Damage    Failure   Level
a - Freeze                Ice            100%       1d11      1%          1
b - Frozen Ramparts       Ice            84%        1d13      3%          3
c - Ozocubu's Armour      Ice            42%        N/A       3%          3

Your spell library contained the following spells:

 Spells                   Type           Power      Damage    Failure   Level
 Magic Dart               Conj           12%        1d3       14%         1
 Call Imp                 Summ           3%         N/A       21%         2
 Hailstorm                Conj/Ice       23%        3d7       36%         4
 Call Canine Familiar     Summ           3%         N/A       38%         3
 Dazzling Flash           Conj/Hex       6%         N/A       38%         3
 Mephitic Cloud           Conj/Pois/Air  3%         N/A       38%         3
 Portal Projectile        Hex/Tloc       6%         N/A       38%         3
 Leda's Liquefaction      Hex/Erth       1%         N/A       80%         4
 Agony                    Necr           3%         N/A       98%         5
 Silence                  Hex/Air        1%         N/A       98%         5
 Ozocubu's Refrigeration  Ice            21%        4d12      100%        7


Dungeon Overview and Level Annotations

Branches:
Dungeon (4/15)             Temple (1/1) D:4

Altars:
Elyvilon
Fedhas
Hepliaklqana
Makhleb
Nemelex Xobeh
Okawaru
Qazlal
Ru
Sif Muna
Trog
Uskayaw
Vehumet
Wu Jian
Yredelemnul
Zin
The Shining One


Innate Abilities, Weirdness & Mutations

((You are very nimble when in or above water. (Stealth+, EV+, Speed+++)))
Your lower body shifts to a powerful aquatic tail in water.


Message History

The white imp hits you. The white imp freezes you. The endoplasm freezes you.
You are frozen.
* * * LOW HITPOINT WARNING * * *
You are too injured to fight recklessly!
Casting: Frozen Ramparts (dangerous; 3% risk of failure)
Confirm with . or Enter, or press ? or * to list all spells.
Aiming: Freeze (safe; 1% risk of failure)
Press: ? - help, Shift-Dir - straight line, f - endoplasm
Aim: an endoplasm You freeze the endoplasm.
The endoplasm is almost dead.
The white imp gestures at you. The puff of frost misses you.
The endoplasm freezes you.
You are frozen.
* * * LOW HITPOINT WARNING * * *
Unknown command.
Casting: Freeze (safe; 1% risk of failure)
Confirm with . or Enter, or press ? or * to list all spells.
Aiming: Freeze (safe; 1% risk of failure)
Press: ? - help, Shift-Dir - straight line, f/p - endoplasm
Aim: an endoplasm (severely wounded)
You freeze the endoplasm!
You kill the endoplasm!
Vehumet accepts your kill. The white imp gestures at you.
The puff of frost misses you.
You closely miss the white imp.
The white imp is severely wounded.
The white imp gestures at you. The puff of frost hits you!
* * * LOW HITPOINT WARNING * * *
It was a potion of brilliance.
You feel clever all of a sudden. The white imp misses you.
It was a potion of attraction.
You feel attractive to monsters. The white imp hits you.
You die...

####....##.##.###........
.....#.###.##.# #.######.
######.# #.##.# #.# #.#
#....# #.#### #+# ###
#....# #.##.###.
##.<...... ##.###.#### ##
#.@.# # .+ ..'....5..# ##
..####...## ##.## ###


You could see a white imp.

Vanquished Creatures
  2 scorpions (D:4)
  A jelly (D:4)
  Ijyb (D:4)
  Terence (D:3)
  4 gnolls (D:4)
  6 adders
  2 worms (D:2)
  A dart slug (D:1)
  2 orcs
  4 bats
  8 endoplasms
  5 giant cockroaches
  6 goblins
  5 hobgoblins
  4 jackals (D:3)
  8 kobolds
  5 quokkas
  3 ball pythons
  5 frilled lizards
  4 rats
77 creatures vanquished.

Notes
Turn   | Place    | Note
-------+----------+-------------------------------------------
     0 | D:1      | MisterFreud the Merfolk Ice Elementalist began the quest
                  | for the Orb.
     0 | D:1      | Reached XP level 1. HP: 13/13 MP: 3/3
   328 | D:1      | Reached XP level 2. HP: 9/19 MP: 0/5
   583 | D:1      | Reached skill level 5 in Ice Magic
   774 | D:1      | Noticed a floating eye
   776 | D:1      | Found a faded altar of an unknown god.
   777 | D:1      | Noticed an eye of devastation
   777 | D:1      | Noticed a golden eye
   777 | D:1      | Noticed a golden eye
   900 | D:1      | Reached XP level 3. HP: 23/24 MP: 4/6
  1426 | D:2      | Found a hide-covered altar of Uskayaw.
  2226 | D:2      | Reached XP level 4. HP: 30/30 MP: 5/7
  2306 | D:2      | Learned a level 3 spell: Frozen Ramparts
  2310 | D:2      | Learned a level 3 spell: Ozocubu's Armour
  2927 | D:3      | Noticed Terence
  2939 | D:3      | Killed Terence
  2940 | D:3      | Reached XP level 5. HP: 28/35 MP: 2/8
  3085 | D:3      | Reached skill level 5 in Dodging
  3146 | D:3      | Found a hazy altar of Hepliaklqana.
  3497 | D:4      | Found a staircase to the Ecumenical Temple.
  3508 | Temple   | Entered the Ecumenical Temple
  3584 | Temple   | Became a worshipper of Vehumet
  3616 | D:4      | Reached skill level 1 in Polearms
  3677 | D:4      | Reached XP level 6. HP: 31/41 MP: 3/9
  3889 | D:4      | Noticed Ijyb
  3906 | D:4      | Killed Ijyb
  4517 | D:4      | HP: 2/41 [white imp/puff of frost (7)]
  4519 | D:4      | Slain by a white imp

Illustrated notes

Levels and vault maps discovered:
D:1:      lightli_arrival_maybe_door_vault, layout_basic,
          hellmonk_ecumenical_altar_watching_god
D:2:      layout_loops_corners, basic_altar
D:3:      layout_rooms, nicolae_hepliaklqana_hazy_memory, minmay_crystal_water,
          minmay_cupped, uniq_terence
D:4:      layout_loops_corners, minmay_temple_entry_grid, uniq_ijyb
Temple:   hc_temple_tempest_star

Skill      XL: |  1  2  3  4  5  6 |
---------------+-------------------+-----
Ice Magic      | 5 6 |  6.0
Dodging        | 3 4 5 6 |  6.1
Polearms       | 3 4 |  4.4
Stealth        | |  2.1
Spellcasting   | |  2.0

Action                   |  1- 3 |  4- 6 || total
-------------------------+-------+-------++-------
Melee: Unarmed           |    10 |       ||    10
       Dagger            |    32 |    68 ||   100
       Punch             |       |     1 ||     1
 Cast: Freeze            |    40 |    21 ||    61
       Frozen Ramparts   |       |     9 ||     9
  Use: Scroll            |       |     1 ||     1
       Potion            |       |     2 ||     2
 Stab: Sleeping          |     7 |     3 ||    10
Armor: Robe              |     6 |    10 ||    16
Dodge: Dodged            |    39 |    68 ||   107
